Map: Ulrena

Players

Spit

  • Race: Zerg Zerg
  • League: Master

Chris (MCanning) - Winner!

  • Race: Protoss Protoss
  • League: Master

VOD

Have the link to the VOD?

Description

Time

  • Played on: Nov. 14, 2015, 2:14 a.m.
  • Length: 19:16
Show
View Real Time Build Order
Export as new Build Order

Spit Zerg 

Build Orders: Hatch First, Lurkers 

Get SALT Encoding   

  12  0:00  Drone  
  13  0:12  Overlord  
  13  0:17  Drone  
  14  0:31  Drone x2  
  14  0:35  Drone  
  17  0:53  Hatchery  
  17  0:56  Drone  
  17  0:59  Drone  
  18  1:14  Spawning Pool  
  18  1:17  Drone  
  18  1:20  Drone  
  19  1:29  Drone, Extractor  
  19  1:39  Overlord  
  19  2:01  Queen  
  19  2:02  Zergling x4  
  19  2:05  Queen  
  19  2:07  Drone  
  26  2:11  Drone  
  27  2:17  Drone  
  28  2:23  Drone  
  29  2:31  Metabolic Boost  
  29  2:35  Drone  
  29  2:36  Drone  
  31  2:40  Queen  
  33  2:45  Drone  
  33  2:46  Drone  
  33  2:50  Overlord  
  34  2:55  Drone  
  35  3:06  Drone  
  35  3:11  Drone  
  37  3:13  Hatchery  
  37  3:15  Drone x2  
  37  3:16  Queen  
  37  3:19  Drone x2  
  42  3:24  Overlord  
  42  3:32  Drone  
  42  3:33  Drone  
  44  3:35  Overlord  
  44  3:36  Overlord  
  44  3:42  Lair  
  44  3:45  Drone, Extractor  
  44  3:46  Drone  
  44  3:48  Drone  
  46  3:50  Drone  
  46  3:51  Drone  
  48  3:58  Overlord  
  48  4:04  Overlord  
  48  4:05  Zergling x6  
  51  4:10  Extractor  
  51  4:11  Drone x2  
  51  4:12  Extractor  
  51  4:19  Drone x3  
  51  4:23  Zergling x4  
  56  4:42  Overlord  
  56  4:46  Overlord  
  56  4:48  Zergling x8  
  56  4:49  Zergling x6  
  63  4:54  Evolution Chamber  
  63  4:55  Hydralisk Den  
  63  4:57  Drone  
  59  5:10  Drone x4  
  59  5:11  Drone x6  
  69  5:17  Drone x2  
  69  5:28  Drone x3  
  70  5:34  Drone x2  
  68  5:38  Extractor  
  68  5:39  Extractor  
  68  5:40  Muscular Augments  
  68  5:42  Drone x4  
  69  5:44  Zerg Missile Weapons Level 1  
  69  5:48  Drone x2  
  71  5:57  Overseer  
  71  6:00  Overlord  
  71  6:11  Hydralisk x5  
  71  6:12  Hydralisk x4  
  89  6:19  Hatchery  
  87  6:26  Hydralisk x5  
  87  6:27  Hydralisk x2  
  87  6:32  Overlord  
  101  6:35  Drone x3  
  104  6:40  Roach Warren  
  103  6:55  Overlord x2  
  103  6:56  Lurker Den  
  89  7:10  Hydralisk x5  
  89  7:14  Drone x2  
  89  7:15  Drone  
  102  7:21  Drone x5  
  102  7:22  Drone x2  
  109  7:28  Glial Reconstitution  
  113  7:30  Roach x4  
  113  7:34  Drone x3  
  120  7:44  Roach x3  
  120  7:45  Roach  
  120  7:49  Zergling x2  
  129  7:58  Infestation Pit, Roach x4  
  135  7:59  Overlord x4  
  135  8:04  Spine Crawler, Extractor x2  
  133  8:07  Overseer  
  133  8:23  Lurker x11  
  133  8:26  Roach  
  133  8:27  Roach x4  
  154  8:38  Roach x6  
  154  8:39  Roach  
  167  8:43  Overseer  
  167  8:44  Overseer  
  167  8:55  Overlord x4  
  167  8:56  Overlord  
  167  8:58  Hive  
  167  8:59  Overseer  
  167  9:05  Overlord x2  
  167  9:08  Overlord  
  152  9:24  Hatchery  
  152  9:27  Hydralisk  
  152  9:28  Hydralisk x9  
  149  9:44  Hydralisk x6  
  155  9:51  Roach  
  155  9:52  Roach x7  
  155  10:00  Hydralisk x3  
  157  10:12  Roach x2  
  157  10:13  Roach x4  
  157  10:22  Roach  
  157  10:23  Roach x8  
  157  10:25  Viper  
  167  10:37  Roach  
  167  10:38  Roach x5  
  169  10:46  Viper  
  166  10:55  Pneumatized Carapace  
  144  11:10  Roach x19  
  160  11:15  Zerg Missile Weapons Level 2  
  138  11:39  Hydralisk  
  135  11:40  Hydralisk x10  
  135  11:46  Queen x2  
  131  11:58  Overseer  
  127  12:02  Overseer  
  127  12:04  Hydralisk x3  
  127  12:07  Lurker x3  
  135  12:16  Roach x8  
  151  12:36  Lurker x4  
  155  12:37  Hatchery  
  128  13:09  Hydralisk x3  
  128  13:10  Hydralisk x12  
  137  13:27  Spine Crawler, Roach x3  
  136  13:28  Roach  
  136  13:30  Spine Crawler  
  136  13:32  Hatchery  
  142  13:38  Roach x4  
  151  13:41  Lurker x3  
  153  13:49  Queen x2  
  135  14:12  Roach x5  
  135  14:13  Roach x4  
  129  14:21  Roach x3  
  129  14:38  Drone x2  
  131  14:43  Viper x2  
  131  14:44  Viper x2  
  107  15:15  Roach  
  107  15:16  Roach x14  
  133  15:48  Overseer  
  121  15:59  Roach x12  
  132  16:20  Hydralisk x5  
  132  16:22  Queen x3  
  132  16:26  Hydralisk  
  132  16:27  Hydralisk x2  
  132  16:32  Hydralisk x3  
  116  16:37  Hydralisk  
  94  16:47  Hydralisk x3  
  94  16:51  Hydralisk  
  90  17:11  Hydralisk x3  
  90  17:12  Roach  
  90  17:13  Roach  
  98  17:38  Hatchery  
  71  18:22  Roach x6  
  58  18:35  Roach x2  
Show
View Real Time Build Order
Export as new Build Order

Chris Protoss - Winner!

Build Orders: 1 Gate Expand 

Get SALT Encoding   

  12  0:02  Probe (Chrono Boost)  
  13  0:12  Probe (Chrono Boost)  
  14  0:20  Pylon  
  14  0:23  Probe (Chrono Boost)  
  15  0:38  Probe (Chrono Boost)  
  15  0:41  Gateway  
  16  0:49  Probe (Chrono Boost)  
  17  0:59  Probe (Chrono Boost)  
  17  1:03  Assimilator  
  18  1:10  Probe (Chrono Boost)  
  19  1:21  Nexus  
  19  1:32  Cybernetics Core  
  19  1:35  Probe (Chrono Boost)  
  20  1:45  Probe (Chrono Boost), Assimilator  
  21  1:56  Probe (Chrono Boost)  
  21  1:57  Pylon  
  22  2:06  Probe (Chrono Boost)  
  23  2:17  Mothership Core (Chrono Boost), Stalker (Chrono Boost)  
  27  2:26  Warp Gate  
  27  2:34  Probe (Chrono Boost)  
  28  2:38  Probe (Chrono Boost)  
  29  2:45  Probe (Chrono Boost)  
  29  2:46  Sentry  
  29  2:48  Probe (Chrono Boost)  
  33  2:56  Probe (Chrono Boost)  
  33  2:58  Gateway  
  34  2:59  Probe (Chrono Boost)  
  35  3:06  Probe (Chrono Boost)  
  35  3:09  Probe (Chrono Boost)  
  37  3:15  Pylon  
  37  3:16  Sentry  
  37  3:17  Probe (Chrono Boost)  
  41  3:20  Probe (Chrono Boost)  
  41  3:27  Probe (Chrono Boost)  
  41  3:30  Probe (Chrono Boost)  
  43  3:34  Robotics Facility  
  43  3:38  Probe (Chrono Boost)  
  43  3:41  Probe (Chrono Boost)  
  45  3:43  Pylon  
  46  3:48  Probe (Chrono Boost)  
  46  3:51  Probe (Chrono Boost)  
  47  3:59  Probe (Chrono Boost)  
  47  4:02  Probe (Chrono Boost)  
  49  4:07  Gateway  
  49  4:09  Probe (Chrono Boost)  
  50  4:12  Gateway, Probe (Chrono Boost)  
  51  4:20  Probe (Chrono Boost)  
  51  4:23  Probe (Chrono Boost)  
  53  4:28  Observer (Chrono Boost)  
  53  4:29  Probe  
  55  4:34  Probe  
  55  4:36  Pylon  
  56  4:39  Gateway x2, Probe  
  57  4:52  Probe  
  57  4:54  Probe  
  57  4:55  Assimilator  
  57  4:56  Nexus  
  57  4:57  Assimilator  
  57  4:58  Pylon  
  59  5:01  Pylon  
  59  5:03  Probe  
  59  5:05  Observer (Chrono Boost)  
  59  5:06  Probe  
  62  5:07  Robotics Bay  
  62  5:15  Probe  
  62  5:18  Adept x2  
  62  5:19  Probe  
  68  5:23  Gateway  
  68  5:25  Gateway  
  68  5:28  Adept  
  69  5:29  Adept  
  69  5:34  Probe x2  
  71  5:41  Zealot  
  74  5:45  Probe  
  74  5:46  Probe  
  76  5:50  Pylon  
  76  5:55  Twilight Council, Probe  
  76  5:58  Probe  
  76  5:59  Pylon  
  76  6:01  Pylon  
  78  6:06  Probe, Gravitic Drive  
  78  6:08  Disruptor (Chrono Boost)  
  78  6:10  Probe  
  78  6:11  Forge  
  83  6:13  Pylon  
  83  6:14  Probe  
  84  6:22  Probe, Adept x3  
  84  6:23  Probe  
  84  6:24  Probe  
  92  6:30  Protoss Ground Weapons Level 1 (Chrono Boost)  
  93  6:33  Probe  
  93  6:35  Probe  
  93  6:38  Disruptor (Chrono Boost)  
  98  6:48  Photon Cannon, Blink (Chrono Boost)  
  98  6:51  Probe  
  98  6:52  Probe x2, Dark Shrine, Assimilator  
  98  6:54  Assimilator  
  98  7:02  Adept x2  
  98  7:03  Probe, Adept  
  98  7:05  Pylon  
  99  7:13  Probe  
  100  7:16  Disruptor (Chrono Boost)  
  100  7:20  Probe  
  100  7:22  Probe, Pylon  
  104  7:25  Probe  
  104  7:28  Stalker x3  
  104  7:29  Stalker  
  114  7:32  Probe x2, Pylon  
  116  7:37  Probe  
  117  7:48  Probe, Disruptor (Chrono Boost)  
  117  7:51  Pylon x2  
  121  7:53  Nexus  
  121  7:55  Pylon  
  121  7:56  Probe  
  121  7:57  Pylon  
  122  8:00  Pylon  
  122  8:03  Pylon  
  122  8:04  Probe  
  123  8:06  Dark Templar  
  123  8:08  Dark Templar  
  126  8:12  Dark Templar  
  126  8:15  Dark Templar  
  126  8:16  Dark Templar  
  126  8:18  Dark Templar  
  134  8:21  Zealot  
  136  8:28  Probe, Photon Cannon x2  
  136  8:29  Zealot  
  136  8:32  Pylon  
  139  8:34  Disruptor (Chrono Boost)  
  137  8:44  Probe  
  137  8:45  Probe  
  137  8:48  Probe  
  137  8:52  Photon Cannon  
  137  8:54  Assimilator  
  136  9:00  Robotics Facility, Photon Cannon, Assimilator  
  136  9:01  Photon Cannon  
  136  9:02  Probe  
  137  9:05  Probe, Disruptor (Chrono Boost)  
  137  9:09  Stalker x3  
  147  9:16  Dark Templar  
  149  9:17  Pylon  
  149  9:19  Pylon  
  141  9:30  Stalker x3  
  135  9:36  Disruptor (Chrono Boost)  
  124  9:47  Dark Templar, Zealot x2  
  124  9:48  Zealot  
  124  9:49  Probe  
  106  10:04  Stalker x3, Disruptor (Chrono Boost)  
  112  10:07  Disruptor (Chrono Boost)  
  112  10:09  Zealot x4  
  120  10:20  Zealot  
  107  10:29  Stalker x2  
  107  10:30  Stalker x2  
  114  10:38  Disruptor (Chrono Boost)  
  114  10:39  Disruptor (Chrono Boost)  
  104  10:49  Probe  
  92  10:51  Stalker x4  
  92  10:56  Zealot x3  
  103  10:58  Probe  
  103  11:03  Probe  
  99  11:04  Probe  
  99  11:08  Stalker  
  103  11:14  Stalker x2  
  103  11:15  Stalker x2, Disruptor (Chrono Boost)  
  103  11:18  Disruptor (Chrono Boost)  
  110  11:25  Probe  
  107  11:28  Probe  
  107  11:32  Stalker  
  107  11:33  Stalker x3  
  107  11:35  Probe  
  99  11:49  Observer x2 (Chrono Boost)  
  99  11:52  Probe  
  97  12:00  Stalker  
  97  12:01  Stalker x2  
  101  12:06  Probe  
  101  12:07  Observer (Chrono Boost)  
  103  12:14  Dark Templar  
  103  12:27  Dark Templar  
  103  12:28  Dark Templar  
  107  12:36  Probe x3  
  110  12:45  Mothership Core  
  110  12:48  Probe  
  113  12:55  Probe  
  114  13:00  Probe  
  111  13:10  Dark Templar  
  115  13:14  Disruptor (Chrono Boost)  
  115  13:16  Observer (Chrono Boost)  
  115  13:17  Dark Templar  
  115  13:19  Dark Templar  
  118  13:23  Probe  
  117  13:34  Nexus  
  117  13:36  Dark Templar x3, Pylon  
  117  13:40  Dark Templar  
  125  13:41  Archon  
  125  13:47  Archon  
  125  13:48  Stalker  
  126  13:56  Observer (Chrono Boost)  
  126  13:58  Probe  
  126  13:59  Probe, Observer (Chrono Boost)  
  125  14:07  Probe  
  117  14:19  Probe  
  117  14:20  Stalker  
  117  14:21  Stalker x4  
  117  14:23  Disruptor (Chrono Boost)  
  125  14:25  Probe  
  126  14:33  Probe  
  126  14:35  Dark Templar  
  129  14:47  Probe  
  130  14:54  Zealot  
  130  14:56  Probe  
  133  15:08  Nexus  
  133  15:14  Probe  
  131  15:15  Dark Templar  
  131  15:16  Dark Templar x2  
  131  15:19  Probe  
  131  15:20  Probe  
  131  15:21  Probe, Observer (Chrono Boost)  
  140  15:26  Probe  
  140  15:29  Dark Templar, Zealot x3  
  148  15:37  Probe  
  149  15:43  Disruptor (Chrono Boost)  
  144  15:57  Stalker x4  
  144  15:58  Stalker x3  
  144  16:00  Assimilator  
  161  16:06  Disruptor (Chrono Boost)  
  142  16:16  Disruptor (Chrono Boost)  
  145  16:23  Zealot x3  
  145  16:24  Zealot x2  
  126  16:42  Disruptor (Chrono Boost)  
  123  16:47  Disruptor (Chrono Boost)  
  123  16:57  Stalker x3  
  123  17:17  Disruptor (Chrono Boost), Pylon  
  123  17:18  Disruptor (Chrono Boost)  
  120  17:24  Assimilator  
  120  17:26  Assimilator  
  120  17:29  Pylon  
  116  17:31  Stalker x2  
  116  17:32  Stalker  
  122  17:38  Zealot x3  
  122  17:43  Zealot  
  130  17:50  Dark Templar  
  135  17:53  Disruptor (Chrono Boost)  
  133  18:04  Stalker  
  133  18:05  Stalker  
  125  18:16  Dark Templar x2  
  125  18:17  Dark Templar  
  125  18:21  Zealot x2  
  128  18:28  Dark Templar x2  
  128  18:29  Dark Templar  
  133  18:44  Pylon  
  131  18:48  Stalker x2  
  131  18:49  Stalker x3  
  131  18:55  Observer (Chrono Boost)  
  136  19:02  Stalker  
  136  19:03  Stalker x2  
Tags
 
Add a new tag
Caveats
  • Supply blocks, unpowered buildings, or Contaminate may cause inaccurate times.
  • Supply counts are checked every 10 seconds.